Map: World of Sleepers LE

Players

Zest

  • Race: Protoss Protoss
  • Spawn Location: 7:00

Rogue - Winner!

  • Race: Zerg Zerg
  • Spawn Location: 1:00

Event: IEM Katowice 2020

VOD

Have the link to the VOD?

Description

Time

  • Played on: March 1, 2020, 7:32 a.m.
  • Length: 12:16

All games in this series

Show
View Real Time Build Order
Export as new Build Order

Zest Protoss 

Build Orders: 1 Gate Expand, Mass Adepts 

Get SALT Encoding   

  12  0:00  Probe  
  13  0:13  Pylon  
  13  0:18  Probe (Chrono Boost)  
  14  0:27  Probe (Chrono Boost)  
  15  0:32  Probe (Chrono Boost)  
  16  0:40  Gateway  
  16  0:44  Probe  
  16  0:49  Assimilator  
  17  0:56  Probe  
  18  1:09  Probe  
  19  1:21  Probe  
  19  1:25  Nexus  
  20  1:35  Cybernetics Core  
  20  1:38  Probe  
  21  1:44  Assimilator  
  21  1:50  Probe  
  21  1:52  Pylon  
  22  2:02  Probe  
  23  2:08  Adept (Chrono Boost)  
  23  2:12  Warp Gate  
  23  2:14  Probe  
  26  2:22  Twilight Council  
  26  2:27  Probe (Chrono Boost)  
  27  2:32  Stalker  
  29  2:37  Probe (Chrono Boost)  
  31  2:44  Probe (Chrono Boost)  
  31  2:47  Probe (Chrono Boost)  
  33  2:51  Probe (Chrono Boost)  
  33  2:52  Probe (Chrono Boost)  
  33  2:54  Robotics Facility  
  34  3:05  Resonating Glaives (Chrono Boost)  
  34  3:11  Gateway  
  34  3:14  Gateway  
  34  3:22  Probe x2  
  34  3:25  Gateway  
  36  3:34  Probe x2  
  36  3:37  Warp Prism (Chrono Boost)  
  40  3:46  Probe  
  40  3:47  Probe, Pylon  
  42  3:52  Assimilator  
  42  3:59  Probe x2  
  44  4:07  Observer  
  44  4:08  Adept x2  
  44  4:09  Adept  
  51  4:17  Probe x2, Pylon  
  51  4:20  Pylon  
  51  4:21  Pylon  
  53  4:30  Assimilator  
  53  4:32  Probe  
  53  4:35  Probe  
  53  4:36  Adept x3  
  61  4:38  Adept  
  63  4:58  Adept x4  
  71  5:10  Pylon  
  69  5:20  Adept x4  
  75  5:26  Probe  
  68  5:39  Probe x2  
  68  5:40  Adept x2  
  68  5:41  Adept x2  
  76  5:52  Nexus  
  76  5:53  Probe x2  
  70  6:00  Immortal (Chrono Boost)  
  70  6:05  Probe x2, Adept x4  
  66  6:21  Probe x2  
  68  6:26  Stalker  
  68  6:27  Stalker x3  
  76  6:34  Immortal  
  76  6:35  Forge  
  80  6:43  Pylon  
  79  7:05  Protoss Ground Weapons Level 1 (Chrono Boost)  
  81  7:12  Immortal (Chrono Boost)  
  83  7:15  Gateway, Blink  
  83  7:16  Gateway  
  83  7:17  Probe, Nexus  
  83  7:22  Sentry x3  
  90  7:30  Pylon  
  90  7:32  Pylon  
  90  7:37  Probe x2  
  92  7:48  Immortal  
  92  7:49  Gateway  
  92  7:51  Gateway  
  96  8:01  Probe (Chrono Boost), Photon Cannon  
  96  8:02  Probe (Chrono Boost)  
  98  8:07  Sentry x2, Stalker  
  104  8:14  Probe x2 (Chrono Boost)  
  104  8:17  Photon Cannon  
  106  8:23  Probe (Chrono Boost)  
  106  8:24  Probe (Chrono Boost)  
  108  8:30  Immortal (Chrono Boost)  
  114  8:40  Assimilator  
  112  8:45  Stalker x3  
  118  8:50  Pylon  
  118  8:52  Dark Shrine  
  118  9:01  Stalker x3  
  120  9:15  Protoss Ground Armor Level 1 (Chrono Boost)  
  120  9:20  Stalker x5  
  127  9:36  Stalker x3  
  111  9:50  Stalker x2  
  77  10:08  Stalker x6  
  87  10:30  Stalker x2  
  87  10:32  Stalker x5  
  101  11:02  Stalker x4  
  109  11:12  Nexus  
  101  11:37  Pylon  
  101  11:38  Pylon  
  101  11:52  Pylon  
  101  11:53  Nexus  
  99  12:00  Stalker  
  99  12:01  Stalker x3  
Show
View Real Time Build Order
Export as new Build Order

Rogue Zerg - Winner!

Build Orders: Hatch First, Swarm Host 

Get SALT Encoding   

  12  0:00  Drone  
  13  0:12  Overlord  
  13  0:16  Drone  
  14  0:31  Drone  
  15  0:43  Hatchery  
  15  0:47  Drone  
  15  0:51  Drone  
  15  0:54  Drone  
  17  0:59  Drone  
  18  1:08  Extractor  
  17  1:15  Spawning Pool  
  17  1:18  Drone  
  17  1:21  Drone  
  18  1:30  Drone  
  19  1:41  Drone  
  20  1:52  Hatchery  
  19  1:54  Drone  
  19  1:57  Drone  
  21  2:06  Queen  
  23  2:11  Drone  
  24  2:19  Queen  
  26  2:25  Overlord  
  26  2:28  Drone  
  27  2:31  Zergling x2  
  28  2:43  Drone  
  28  2:44  Drone x2  
  31  2:46  Zergling x2  
  32  2:52  Queen  
  32  2:54  Drone  
  32  2:57  Drone  
  36  3:06  Queen  
  36  3:07  Overlord  
  36  3:08  Drone x2  
  36  3:10  Drone  
  36  3:12  Drone  
  42  3:25  Drone  
  42  3:26  Drone x3  
  46  3:32  Overlord  
  46  3:34  Drone x2  
  46  3:35  Drone x2  
  46  3:39  Roach Warren  
  49  3:42  Overlord  
  49  3:45  Lair  
  49  3:47  Drone  
  50  3:52  Extractor x2, Overlord  
  50  3:54  Drone x2  
  50  3:56  Drone  
  51  4:03  Drone x2  
  51  4:04  Drone x2  
  51  4:07  Overlord  
  55  4:19  Roach  
  55  4:20  Roach x5  
  55  4:23  Roach  
  69  4:24  Overlord  
  69  4:28  Roach  
  71  4:31  Roach  
  71  4:32  Roach  
  71  4:36  Roach x2  
  78  4:39  Overlord  
  78  4:42  Overlord  
  78  4:45  Glial Reconstitution  
  78  4:52  Roach  
  78  4:53  Drone x2  
  78  4:54  Extractor  
  78  4:57  Roach x2  
  78  4:59  Overlord  
  82  5:04  Overlord  
  82  5:06  Roach  
  82  5:08  Roach  
  82  5:10  Roach  
  82  5:12  Roach  
  86  5:17  Drone x3  
  86  5:18  Overseer  
  85  5:23  Roach  
  85  5:28  Roach x3  
  89  5:34  Drone  
  89  5:36  Drone  
  89  5:37  Drone x2  
  90  5:43  Drone  
  90  5:44  Drone  
  90  5:47  Drone  
  88  5:53  Drone x2  
  85  5:59  Drone  
  85  6:00  Drone  
  86  6:05  Drone x2  
  86  6:10  Drone x2  
  87  6:17  Drone x4  
  88  6:25  Queen  
  90  6:26  Drone x2  
  90  6:28  Evolution Chamber  
  90  6:29  Drone  
  92  6:33  Drone  
  92  6:36  Extractor x2, Drone x4  
  92  6:38  Drone  
  96  6:42  Drone  
  96  6:43  Drone x2  
  98  6:47  Drone x2  
  98  6:51  Drone  
  90  6:58  Roach x2  
  90  6:59  Roach x2  
  90  7:02  Roach  
  90  7:03  Roach x3  
  90  7:04  Roach  
  96  7:08  Overseer  
  96  7:10  Ravager  
  96  7:11  Ravager x3  
  96  7:13  Roach x2  
  96  7:14  Roach  
  106  7:21  Overlord  
  106  7:24  Roach x3  
  106  7:27  Overlord  
  106  7:29  Roach  
  114  7:36  Zerg Missile Weapons Level 1  
  114  7:37  Overlord x2  
  114  7:38  Metabolic Boost, Overlord  
  114  7:50  Roach x7  
  128  7:52  Drone  
  128  7:54  Drone  
  128  7:56  Drone  
  128  7:58  Infestation Pit  
  130  8:03  Drone x3  
  130  8:05  Drone  
  134  8:12  Overlord x2  
  134  8:13  Overlord  
  134  8:14  Zergling x6  
  137  8:20  Nydus Network  
  137  8:22  Overlord  
  136  8:34  Swarm Host x7  
  136  8:40  Swarm Host x2  
  163  8:44  Swarm Host  
  166  8:49  Zergling x10  
  166  8:51  Ravager  
  172  8:57  Hatchery  
  172  9:02  Overlord  
  172  9:03  Nydus Canal  
  172  9:06  Zergling x10  
  176  9:12  Ravager  
  176  9:13  Ravager  
  176  9:17  Zergling x2  
  176  9:19  Overseer, Overlord  
  176  9:20  Hatchery, Pneumatized Carapace  
  176  9:21  Ravager  
  176  9:22  Ravager  
  178  9:29  Roach x4  
  178  9:31  Overlord  
  182  9:33  Zergling x2  
  182  9:38  Roach x5  
  181  9:43  Roach  
  167  9:48  Roach x3  
  145  9:55  Roach x2  
  145  9:56  Roach  
  145  9:59  Zergling x2  
  132  10:04  Zergling x4  
  132  10:05  Zergling x2  
  123  10:08  Zergling x4  
  123  10:12  Zergling x2  
  123  10:13  Zergling x2  
  125  10:16  Zergling x2  
  126  10:26  Drone x2  
  126  10:28  Overseer  
  122  10:34  Zergling x10  
  127  10:44  Zergling x2  
  127  10:45  Zergling x6  
  127  10:47  Queen  
  127  10:48  Overseer  
  132  10:57  Roach x3  
  132  10:58  Roach  
  140  11:06  Ravager x7  
  140  11:09  Nydus Canal  
  147  11:12  Zergling x2  
  147  11:13  Zergling x8  
  151  11:21  Roach x3  
  155  11:29  Zergling x2  
  155  11:30  Zergling x6  
  154  11:38  Ravager x4  
  154  11:39  Ravager x2, Queen  
  158  11:41  Roach x2  
  158  11:42  Overseer  
  159  11:50  Zergling x12  

Tags
 
Add a new tag
Caveats
  • Supply blocks, unpowered buildings, or Contaminate may cause inaccurate times.
  • Supply counts are checked every 10 seconds.